 Dungeon Crawl Stone Soup version 0.30.1-1-g62c8e00024 (webtiles) character file.

Game seed: 17770332139830439861

4 monsoonserge the Insei (level 1, -1/15 HPs)
             Began as a Demonspawn Transmuter on July 15, 2023.
             Slain by a kobold
             ... wielding a +0 club
              (2 damage)
             ... on level 1 of the Dungeon.
             The game lasted 00:00:41 (91 turns).

monsoonserge the Insei (Demonspawn Transmuter)        Turns: 91, Time: 00:00:42

Health: -1/15      AC:  2    Str: 10    XL:     1   Next: 50%
Magic:  3/3        EV: 12    Int: 14    God:
Gold:   0          SH:  0    Dex: 13    Spells: 3/4 levels left

rFire   . .          .
                       - Unarmed
rCold   . . .        (no shield)
rNeg    . . .        a - +0 robe
rPois   .            (no helmet)
rElec   .            (no cloak)
rCorr   .            (no gloves)
SInv    .            (no boots)
Will    .....        (no amulet)
Stlth   +            (no ring)
HPRegen 0.22/turn    (no ring)
MPRegen 0.08/turn

%: no passive effects
@: no status effects
A: no striking features
a: no special abilities


You were on level 1 of the Dungeon.
You visited 1 branch of the dungeon, and saw 1 of its levels.

Inventory:

Armour
 a - a +0 robe (worn)
Potions
 b - a potion of lignification


   Skills:
 + Level 1.0 Fighting
 + Level 1.7 Dodging
 * Level 2.9 Unarmed Combat
 - Level 2.0 Spellcasting
 + Level 1.7 Transmutations


You had 3 spell levels left.
You knew the following spells:

 Your Spells              Type           Power      Damage    Failure   Level
a - Beastly Appendage     Tmut           12%        N/A       12%         1

Your spell library contained the following spells:

 Spells                   Type           Power      Damage    Failure   Level
 Wereblood                Tmut           6%         N/A       17%         2
 Spider Form              Tmut/Pois      3%         N/A       45%         3
 Ice Form                 Ice/Tmut       3%         N/A       86%         4


Dungeon Overview and Level Annotations

Branches:
Dungeon (1/15)

Altars:


Message History

You completely miss the bat. The bat hits you but does no damage.
The bat hits you.
You closely miss the bat. The bat hits you but does no damage.
You completely miss the bat. The bat hits you but does no damage. x2
You hit the kobold but do no damage. The bat hits you but does no damage.
The kobold hits you with a +0 short sword.
You barely miss the kobold. The bat hits you.
The kobold hits you but does no damage.
You hit the kobold.
You kill the kobold!
The bat hits you. The kobold closely misses you.
You closely miss the kobold. The bat misses you.
The kobold hits you with a +0 club.
You barely miss the kobold. The bat hits you but does no damage.
The kobold misses you.
You hit the kobold.
The kobold is moderately wounded.
The bat completely misses you. The kobold closely misses you.
You closely miss the kobold.
The kobold is moderately wounded.
The bat closely misses you. The kobold hits you with a +0 club.
You hit the kobold but do no damage.
The kobold is moderately wounded.
The bat hits you.
* * * LOW HITPOINT WARNING * * *
The kobold closely misses you. The bat hits you but does no damage.
Press: ? - help, v - describe, . - travel
Here: a kobold, wielding a +0 club The floor.
You barely miss the kobold. The kobold closely misses you.
You hit the kobold but do no damage. The bat hits you.
* * * LOW HITPOINT WARNING * * *
The kobold hits you with a +0 club.
* * * LOW HITPOINT WARNING * * *
Unknown command.
You hit the kobold but do no damage. The bat closely misses you.
The bat hits you.
* * * LOW HITPOINT WARNING * * *
The kobold hits you with a +0 club.
You die...

!.... . ♣....
..♣.♣.. #.# .♣.♣...
#.# ..♣.♣..######.#
##. ..............#
..# ......K.b.....#
#.# ###)@......# #.#
..............## #.#
######.........#####
#.#
#########.....###.#
########..##....††
##8.##^###.#######.
#_.##^..##.........
#8....#.^8.##...##.
#.#...##...##.####.


You could see a bat and a kobold.

Vanquished Creatures
  An endoplasm (D:1)
  A ball python (D:1)
  A frilled lizard (D:1)
  2 kobolds (D:1)
5 creatures vanquished.

Notes
Turn   | Place    | Note
-------+----------+-------------------------------------------
     0 | D:1      | monsoonserge the Demonspawn Transmuter began the quest for
                  | the Orb.
     0 | D:1      | Reached XP level 1. HP: 15/15 MP: 3/3
    45 | D:1      | Found a faded altar of an unknown god.
    91 | D:1      | Slain by a kobold

Illustrated notes

Levels and vault maps discovered:
D:1:      minmay_arrival_plants_in_alcoves, layout_rooms,
          shapermc_ecumenical_altar_petra, serial_shops, shop,
          minmay_misc_feat_tower, chequers_garden, hangedman_decor_points,
          hangedman_feature_mirror

Action                     || total
---------------------------++-------
  Melee: Unarmed           ||    21
         Punch             ||     1
 Armour: Robe              ||    11
  Dodge: Dodged            ||    13
